 Dungeon Crawl Stone Soup version 0.27-a0-972-gd1521fd518 (webtiles) character file.

Game seed: 16514087793882439094

9766 kae the Grappler (level 11, -7/119 HPs)
             Began as a Pale Draconian Transmuter on Apr 13, 2021.
             Was a Believer of Ru.
             Mangled by a death yak (24 damage)
             ... led by a torpor snail
             ... on level 1 of the Lair of Beasts.
             The game lasted 00:11:03 (15482 turns).

kae the Grappler (Pale Draconian Transmuter)       Turns: 15482, Time: 00:11:03

Health: -7/119     AC: 11    Str: 14    XL:     11   Next: 27%
Magic:  17/20      EV:  9    Int: 16    God:    Ru [**....]
Gold:   1625       SH:  0    Dex: 11    Spells: 9/22 levels left

rFire    . . .     SeeInvis .     - Unarmed
rCold    . . .     Faith    .   (shield currently unavailable)
rNeg     . . .     Spirit   .   (armour unavailable)
rPois    +         Reflect  .   (helmet currently unavailable)
rElec    .         Harm     .   (cloak currently unavailable)
rCorr    .         Rampage  .   (gloves currently unavailable)
Will     .....                  (boots currently unavailable)
Stlth    ..........             (no amulet)
HPRegen  0.29/turn              g - +4 ring of protection
MPRegen  0.17/turn              (no ring)

@: hydra-form, unable to read, slowed, very slow
A: fast swimmer, devour, amphibious, boosted hp, (breathe steam), AC +7, very
large, unfitting armour, (cold-blooded), inability to read while threatened, no
stealth, (steam resistance)
a: End Transformation, Renounce Religion


You were on level 1 of the Lair of Beasts.
You worshipped Ru.
Ru was pleased with you.
You were a four-headed hydra.
You visited 3 branches of the dungeon, and saw 12 of its levels.

You collected 1799 gold pieces.
You spent 174 gold pieces at shops.

Inventory:

Missiles
 o - 3 throwing nets
Armour
 l - a +2 pair of gloves (melded)
Jewellery
 g - a +4 ring of protection (left foreclaw)
Wands
 a - a wand of polymorph (10)
 j - a wand of flame (6)
Scrolls
 i - 2 scrolls of blinking
 n - a scroll of fog
 q - a scroll of teleportation
 r - 2 scrolls of fear
Potions
 b - a potion of cancellation
 c - 2 potions of attraction
 d - a potion of brilliance
 e - 3 potions of degeneration
 f - 7 potions of curing
 h - 2 potions of heal wounds
 k - 2 potions of magic
 m - 3 potions of lignification
 p - a potion of haste
 t - 3 potions of flight


   Skills:
 + Level 7.1 Fighting
 + Level 6.1 Dodging
 * Level 9.7 Unarmed Combat
 + Level 6.1 Spellcasting
 * Level 9.5 Transmutations
 - Level 4.0 Ice Magic
 - Level 2.0 Poison Magic


You had 9 spell levels left.
You knew the following spells:

 Your Spells              Type           Power      Damage    Failure   Level
a - Beastly Appendage     Tmut           70%        N/A       1%          1
b - Spider Form           Tmut/Pois      11%        N/A       3%          3
c - Ice Form              Ice/Tmut       26%        N/A       9%          4
d - Hydra Form            Tmut           17%        N/A       8%          5

Your spell library contained the following spells:

 Spells                   Type           Power      Damage    Failure   Level
 Sting                    Tmut/Pois      92%        1d7       1%          1
 Wereblood                Tmut           35%        N/A       1%          2
 Ensorcelled Hibernation  Hex/Ice        22%        N/A       9%          2
 Ignite Poison            Fire/Tmut/Pois 17%        N/A       9%          3
 Corona                   Hex            4%         N/A       14%         1
 Magic Dart               Conj           16%        1d3       14%         1
 Poisonous Vapours        Pois/Air       16%        N/A       14%         2
 Searing Ray              Conj           8%         3d3       21%         2
 Mephitic Cloud           Conj/Pois/Air  7%         N/A       30%         3
 Confusing Touch          Hex            4%         N/A       38%         3
 Dazzling Flash           Conj/Hex       8%         N/A       38%         3
 Tukima's Dance           Hex            4%         N/A       38%         3
 Olgreb's Toxic Radiance  Pois           11%        N/A       52%         4
 Fulminant Prism          Conj/Hex       2%         3d6       80%         4
 Iskenderun's Mystic Bla  Conj/Tloc      4%         2d3       80%         4
 Summon Mana Viper        Hex/Summ       4%         N/A       98%         5
 Iron Shot                Conj/Erth      2%         9d2       100%        6
 Dragon's Call            Summ           2%         N/A       100%        9


Dungeon Overview and Level Annotations

Branches:
Dungeon (10/15)            Temple (1/1) D:7            Lair (1/6) D:8
    Orc (0/2) D:9

Altars:
Ashenzari
Cheibriados
Dithmenos
Elyvilon
Fedhas
Gozag
Hepliaklqana
Kikubaaqudgha
Makhleb
Nemelex Xobeh
Okawaru
Qazlal
Ru
Sif Muna
Trog
Uskayaw
Vehumet
Wu Jian
Xom
Yredelemnul
The Shining One
Beogh

Shops:
D:2 *   D:5 =?

Annotations:
D:2 exclusion: 2 gnolls
D:9 exclusions: door and 4 oklob plants
D:10 3 runed translucent doors, Lanoc's ghost, journeyman OgBe


Innate Abilities, Weirdness & Mutations

You are a four-headed hydra.
You swim very quickly.
You can devour living enemies to heal.
You are amphibious.
Your maximum health is greatly increased.
Your armour is entirely melded.
You are incapable of wielding weapons or throwing items.
((You can breathe blasts of scalding, opaque steam.))
((Your pale cyan-grey scales are hard. (AC +7)))
You cannot fit into any form of body armour.
((You are cold-blooded and may be slowed by cold attacks.))
You sometimes lose the ability to read scrolls when taking damage.
You cannot be stealthy.
((You are immune to the effects of steam.))


Message History

Casting: Hydra Form (dangerous; 8% risk of failure)
Confirm with . or Enter, or press ? or * to list all spells.
You turn into a four-headed hydra.
Your +2 pair of gloves melds into your body.
A death yak comes into view.
The death yak bellows!
A torpor snail comes into view.
Being near the torpor snail leaves you feeling lethargic.
The death yak gores you but does no damage.
You nip at the death yak but do no damage.
The death yak gores you!
You nip at the death yak but do no damage.
You nip at the death yak.
The death yak gores you but does no damage.
The death yak barely misses you.
You bite the death yak!
The death yak is moderately wounded.
You nip at the death yak.
The death yak gores you. The death yak gores you! The death yak gores you!!
You feel threatened and lose the ability to read scrolls!
The death yak closely misses you.
You are too injured to fight recklessly!
You are too injured to fight recklessly!
You are too injured to fight recklessly!
You are too injured to fight recklessly!
You are too injured to fight recklessly!
You are too injured to fight recklessly!
You are too injured to fight recklessly!
You bite the death yak!
The death yak is lightly wounded.
You gouge the death yak!!
The death yak gores you!!
You nip at the torpor snail.
The torpor snail is lightly wounded.
You bite the death yak! The death yak gores you!
You nip at the torpor snail but do no damage.
The torpor snail is lightly wounded.
You gouge the death yak!!
You nip at the death yak.
The death yak gores you!!
* * * LOW HITPOINT WARNING * * *
The death yak gores you!!
You die...

P##. .... #
###..########
.#P##............
.................
+.............
#.<.........
#....Y......
#...Dw......
#.$..Y......
#............
########.....
....# ...# ...
..+


You could see 2 death yaks and a torpor snail.

Vanquished Creatures
  Harold (D:8)
  2 two-headed ogres (D:10)
  Nergalle (D:10)
  An unseen horror (D:10)
  A hornet (D:9)
  4 slime creatures (D:9)
  A meliai zombie (D:10)
  A shadow (D:9)
  9 yaks (D:9)
  A wyvern (D:7)
  Eustachio (D:4)
  Grum (D:8)
  2 acid dragons
  2 water moccasins
  A floating eye (D:9)
  2 orc warriors (D:9)
  3 necrophages
  2 ice beasts (D:5)
  A sky beast (D:7)
  2 ogres
  3 wolves (D:8)
  3 centaurs
  A phantom (D:6)
  5 bullfrogs
  A kobold brigand (D:9)
  2 scorpions
  A wyvern zombie (D:6)
  A troll zombie (D:9)
  4 wights (D:8)
  2 howler monkeys
  4 jellies
  6 orc priests
  3 hounds
  A bullfrog skeleton (D:6)
  A centaur skeleton (D:7)
  Ijyb (D:3)
  A gnoll shaman (D:7)
  3 iguanas (D:5)
  Natasha (thrice) (D:3)
  7 orc wizards
  6 ogre zombies (D:9)
  A hound zombie (D:5)
  6 adders
  4 gnolls (D:7)
  3 white imps
  An ufetubus (D:7)
  A worm (D:4)
  13 orcs
  3 bats
  6 endoplasms
  4 giant cockroaches
  10 goblins
  7 hobgoblins
  15 jackals
  9 kobolds
  A quokka (D:4)
  8 ball pythons
  5 frilled lizards
  A goblin skeleton (D:9)
  3 goblin zombies (D:9)
  A hobgoblin skeleton (D:9)
  6 orc skeletons (D:9)
  14 orc zombies (D:9)
  7 rats
227 creatures vanquished.

Vanquished Creatures (others)
  An orc warrior (D:10)
  18 plants
19 creatures vanquished.

Grand Total: 246 creatures vanquished

Notes
Turn   | Place    | Note
-------+----------+-------------------------------------------
     0 | D:1      | kae the Draconian Transmuter began the quest for the Orb.
     0 | D:1      | Reached XP level 1. HP: 16/16 MP: 3/3
   297 | D:1      | Reached XP level 2. HP: 23/23 MP: 3/5
  1151 | D:1      | Reached XP level 3. HP: 22/28 MP: 6/6
  1383 | D:1      | Learned a level 1 spell: Magic Dart
  1387 | D:1      | Learned a level 3 spell: Spider Form
  1451 | D:2      | Found Vipsizupn's Assorted Antiques.
  1459 | D:2      | Bought 2 bubbling silvery potions for 32 gold pieces
  1484 | D:2      | Found a faded altar of an unknown god.
  2233 | D:2      | Reached XP level 4. HP: 35/36 MP: 5/7
  2598 | D:3      | Noticed Ijyb
  2604 | D:3      | Killed Ijyb
  2661 | D:3      | Noticed Natasha
  2672 | D:3      | Killed Natasha
  2747 | D:3      | Noticed Natasha
  2756 | D:3      | Killed Natasha
  2757 | D:3      | Reached XP level 5. HP: 22/41 MP: 1/8
  2770 | D:3      | Noticed Natasha
  3359 | D:3      | Found an opulent altar of Gozag.
  3361 | D:3      | Found a blossoming altar of Fedhas.
  3651 | D:3      | Killed Natasha
  3932 | D:4      | Noticed an ogre
  3980 | D:3      | Learned a level 4 spell: Ice Form
  4564 | D:4      | Killed an ogre
  4565 | D:4      | Reached skill level 1 in Poison Magic
  4565 | D:4      | Reached XP level 6. HP: 31/50 MP: 4/10
  4958 | D:4      | Noticed Eustachio
  5004 | D:4      | Killed Eustachio
  5005 | D:4      | Your scales start taking on a pale cyan-grey colour.
  5005 | D:4      | Reached XP level 7. HP: 50/57 MP: 7/11
  5005 | D:4      | Gained mutation: You are immune to the effects of steam.
                  | [Pale Draconian growth]
  5145 | D:4      | Found a shimmering blue altar of Sif Muna.
  5404 | D:5      | Entered Level 5 of the Dungeon
  5477 | D:5      | Reached skill level 5 in Unarmed Combat
  5554 | D:5      | Found Zuej's Jewellery Boutique.
  5609 | D:5      | Found Qesyntiqo's Magic Scroll Boutique.
  5632 | D:5      | Reached skill level 5 in Transmutations
  5780 | D:2      | Bought a scroll of identify for 36 gold pieces
  5780 | D:2      | Bought a scroll labelled NYTITT TEKU for 18 gold pieces
  5780 | D:2      | Bought a scroll of identify for 36 gold pieces
  5780 | D:2      | Bought a scroll labelled ZOURUG MUOK for 18 gold pieces
  5780 | D:2      | Bought a sedimented puce potion for 16 gold pieces
  5780 | D:2      | Bought a scroll labelled TUAJOZ ESAT NEWN for 18 gold
                  | pieces
  6025 | D:5      | Reached XP level 8. HP: 56/64 MP: 10/13
  6743 | D:6      | Identified the +0 scale mail of Hedging {Str+4 Int+7 SInv}
  7010 | D:6      | HP: 3/67 [poisoned by an adder]
  8264 | D:7      | Reached XP level 9. HP: 59/72 MP: 12/15
  8365 | D:7      | Reached skill level 1 in Ice Magic
  8965 | D:7      | Found a staircase to the Ecumenical Temple.
  9020 | Temple   | Entered the Ecumenical Temple
  9150 | Temple   | Became a worshipper of Ru the Awakened
  9262 | D:7      | Reached skill level 5 in Fighting
 10139 | D:8      | Identified a scroll of acquirement
 10139 | D:8      | Acquired 576 gold pieces
 10152 | D:8      | Found an ancient bone altar of Kikubaaqudgha.
 10183 | D:8      | Noticed Grum
 10627 | D:8      | Killed Grum
 10944 | D:8      | Noticed Harold
 10966 | D:8      | Killed Harold
 10967 | D:8      | Reached skill level 5 in Spellcasting
 11209 | D:8      | Reached XP level 10. HP: 81/81 MP: 13/17
 11215 | D:8      | Learned a level 5 spell: Hydra Form
 11359 | D:8      | Reached skill level 5 in Dodging
 11580 | D:8      | Gained mutation: You sometimes lose the ability to read
                  | scrolls when taking damage. [Ru sacrifice]
 11580 | D:8      | Reached * piety under Ru
 11758 | D:8      | Found a staircase to the Lair.
 12050 | D:9      | Noticed an oklob plant
 12078 | D:9      | Noticed an oklob plant
 12820 | D:9      | Acquired 698 gold pieces
 12855 | D:10     | Entered Level 10 of the Dungeon
 12875 | D:10     | Identified the Guide on Earthen Calling
 13002 | D:9      | Noticed an oklob plant
 13085 | D:9      | Paralysed by a floating eye for 2 turns
 13307 | D:9      | Found a staircase to the Orcish Mines.
 14279 | D:9      | Gained mutation: You cannot be stealthy. [Ru sacrifice]
 14279 | D:9      | Reached ** piety under Ru
 14414 | D:9      | Noticed an oklob plant
 14473 | D:10     | Noticed a two-headed ogre
 14481 | D:10     | Killed a two-headed ogre
 14482 | D:10     | Reached XP level 11. HP: 91/91 MP: 14/19
 14681 | D:10     | Noticed a two-headed ogre
 14688 | D:10     | Killed a two-headed ogre
 14920 | D:10     | Found a runed translucent gate.
 14920 | D:10     | Found a runed translucent gate.
 14921 | D:10     | Found a runed translucent gate.
 14923 | D:10     | Noticed Lanoc's ghost (journeyman OgBe)
 14923 | D:10     | Noticed a nine-headed hydra
 14924 | D:10     | Noticed a ten-headed hydra
 15094 | D:10     | Noticed Nergalle
 15106 | D:10     | Killed Nergalle
 15472 | Lair:1   | Entered Level 1 of the Lair of Beasts
 15472 | Lair:1   | Noticed a death yak
 15473 | Lair:1   | Noticed a death yak
 15482 | Lair:1   | Mangled by a death yak

Illustrated notes

Levels and vault maps discovered:
D:1:      evilmike_arrival_plus, layout_basic
D:2:      layout_rooms, chequers_ecumenical_altar_simple, serial_shops, shop
D:3:      layout_rooms, jmf_multi_god_temple, st_stairs_14,
          minmay_goblin_outpost, uniq_ijyb, uniq_natasha
D:4:      layout_gridville, kennysheep_mini_moat, kennysheep_generic_room_13,
          uniq_eustachio
D:5:      layout_rooms, serial_shops, shop, shop, wad_floor_pattern_untrapped
D:6:      layout_layer_cave, nicolae_overflow_hidden_temple,
          corexii_corridor_pit
D:7:      wander_river, layout_loops_corners, minmay_temple_entry_antechambers,
          david_defended_altar_orc
D:8:      layout_gridville, nicolae_kikubaaqudgha_miasma_corner,
          lair_entry_dummy, chequers_serial_rivers_large_b, uniq_harold,
          uniq_grum
D:9:      layout_gridville, zombieorc2_lemuel, disabler_island
D:10:     layout_long_grid, gammafunk_ghost_hydra_chop, corexii_checkpoint_b,
          uniq_nergalle
Temple:   minmay_crystal_spiral_temple
Lair:1:   layout_roguey, nzn_random_ring, serial_bayou_shore_b

Skill      XL: |  1  2  3  4  5  6  7  8  9 10 11 |
---------------+----------------------------------+-----
Dodging        | 2 3 4 5 6 |  6.1
Transmutations | 3 4 5 6 7 9 |  9.5
Fighting       | 2 3 4 5 6 7 |  7.1
Unarmed Combat | 4 5 6 7 9 |  9.7
Poison Magic   | 1 2 |  2.0
Spellcasting   | 3 4 5 6 |  6.1
Ice Magic      | 3 4 |  4.0

Action                   |  1- 3 |  4- 6 |  7- 9 | 10-12 || total
-------------------------+-------+-------+-------+-------++-------
Melee: Unarmed           |   104 |   133 |   294 |   223 ||   754
       Kick              |    13 |     3 |       |       ||    16
       Tailslap          |    14 |     7 |     5 |     3 ||    29
       Headbutt          |     8 |     1 |       |       ||     9
       Punch             |     2 |     1 |     1 |     1 ||     5
 Cast: Beastly Appendage |    15 |     3 |       |       ||    18
       Magic Dart        |    21 |    17 |       |       ||    38
       Spider Form       |       |     7 |    28 |       ||    35
       Ice Form          |       |     2 |     9 |     2 ||    13
       Hydra Form        |       |       |       |    26 ||    26
Invok: Sacrifice Words   |       |       |       |     1 ||     1
       Sacrifice Stealth |       |       |       |     1 ||     1
 Abil: Breathe Steam     |       |       |     2 |       ||     2
Evoke: Wand              |       |       |     6 |       ||     6
  Use: Scroll            |     1 |     1 |    13 |     6 ||    21
       Potion            |     1 |       |       |       ||     1
 Stab: Sleeping          |       |       |     2 |       ||     2
Armor: Skin              |    38 |    30 |    76 |    83 ||   227
Dodge: Dodged            |    80 |    73 |   234 |    91 ||   478

Table legend: (Time is in decaauts)
 A = Elapsed time spent in this place.
 B = Non-inter-level travel time spent in this place.
 C = Inter-level travel time spent in this place.
 D = Time resting spent in this place.
 E = Time spent auto-exploring this place.
 F = Levels seen in this place.
 G = Mean time per level.
                   A        B        C        D        E       F      G
               +--------+--------+--------+--------+--------+-----+--------+
         Total |  15462 |  14743 |    719 |   2297 |  10567 |  12 | 1288.5 |
       Dungeon |  15233 |  14601 |    632 |   2297 |  10442 |  10 | 1523.3 |
        Temple |    217 |    131 |     86 |      0 |    125 |   1 |  217.0 |
          Lair |     11 |     11 |      0 |      0 |      0 |   1 |   11.0 |
               +--------+--------+--------+--------+--------+-----+--------+

Top non-repeatable levels by time:
     D:3: 2346 daAuts
     D:7: 2187 daAuts
     D:9: 2116 daAuts
     D:6: 1832 daAuts
     D:8: 1451 daAuts
     D:1: 1413 daAuts
    D:10: 1335 daAuts
     D:2: 972 daAuts
     D:5: 820 daAuts
     D:4: 757 daAuts
  Temple: 217 daAuts
  Lair:1: 11 daAuts
